 Dungeon Crawl Stone Soup version 0.30-a0-377-g5cb311bc9f (webtiles) character file.

Game seed: 13294595759769032019

7401 MackTheKnife the Fighter (level 11, -3/157 HPs)
             Began as a Meteoran Cinder Acolyte on Nov 28, 2022.
             Was a Believer of Ignis.
             Slain by a minotaur
             ... wielding the +2 halberd of Nonat {venom, Dex+6}
              (8 damage)
             ... in a Gauntlet.
             The game lasted 00:22:57 (4580 turns).

MackTheKnife the Fighter (Meteoran Cinder Acolyte)  Turns: 4580, Time: 00:22:58

Health: -3/157     AC: 32    Str: 16    XL:     11   Next: 62%
Magic:  14/14      EV:  2    Int: 17    God:    Ignis [**....]
Gold:   168        SH:  0    Dex: 13    Spells: 10/12 levels left

rFire   + . .      SeeInvis .    p - +6 short sword of the Glowing Visionary {freeze, rC+, short}
rCold   + . .      Faith    .    (no shield)
rNeg    . . .      Spirit   .    (body armour currently unavailable)
rPois   +          Reflect  .    (helmet currently unavailable)
rElec   +          Harm     .    (cloak currently unavailable)
rCorr   .          Rampage  .    (gloves currently unavailable)
Will    ++...      NoTele   +    (boots currently unavailable)
Stlth   +.........               h - amulet of regeneration {@e2}
HPRegen 1.26/turn                q - ring of Obrey {rElec Will+}
MPRegen 0.14/turn                (no ring)

@: lethally poisoned (-3 -> -3), tree-form, attractive, fiery-armoured, glowing
A: stationary, stasis, torment immunity, boosted hp, sense surroundings 2,
otherworldly, glowing, explore regen, (horns 1), inability to read after injury
1
a: Renounce Religion, Fiery Armour, Foxfire Swarm, Rising Flame


You were in a Gauntlet.
You worshipped Ignis.
Ignis was pleased with you.
You were a tree.
You visited 3 branches of the dungeon, and saw 10 of its levels.
You also visited: Bailey and Gauntlet.

You collected 378 gold pieces.
You spent 210 gold pieces at shops.


Innate Abilities, Weirdness & Mutations

You are a tree.
Your roots penetrate the ground, keeping you stationary.
You cannot be teleported.
You are immune to unholy pain and torment.
Your maximum health is greatly increased.
Your equipment is partially melded.
You passively map the area around you.
You are easily found by Zot.
You glow in the dark.
You regain HP and MP as you explore.
((You have a pair of small horns on your head.))
You occasionally lose the ability to read scrolls when taking damage.


   Skills:
 + Level 12.5 Fighting
 - Level 7.3 Short Blades
 - Level 6.4 Maces & Flails
 + Level 9.5 Armour
 - Level 7.1 Dodging
 - Level 1.3 Spellcasting
 - Level 3.6 Fire Magic


You had 10 spell levels left.
You knew the following spells:

 Your Spells              Type           Power      Damage    Failure   Level
a - Scorch                Fire           26%        2d6       7%          2

Your spell library contained the following spells:

 Spells                   Type           Power      Damage    Failure   Level
 Freeze                   Ice            4%         1d3       21%         1
 Mephitic Cloud           Conj/Pois/Air  1%         N/A       52%         3
 Alistair's Intoxication  Tmut/Pois      0%         N/A       99%         5

Inventory:

Hand Weapons
 p - the +6 short sword of the Glowing Visionary (weapon) {freeze, rC+, short}
   (You found it on level 3 of the Dungeon)

   It freezes those it strikes, dealing additional cold damage.
   It can also slow down cold-blooded creatures.
   rC:        It protects you from cold.
 D - a +1 morningstar of protection {mace}
   (You bought it in a shop on level 8 of the Dungeon)
Missiles
 f - a throwing net {=f!fthrowing}
Armour
 s - a +2 helmet of see invisible (melded)
   (You found it in a bailey)
 w - a +2 pair of gloves (melded)
   (You found it on level 5 of the Dungeon)
 x - a +0 pair of boots (melded)
   (You found it on level 5 of the Dungeon)
 B - a +2 plate armour of cold resistance (melded)
   (You found it in a bailey)
 C - a +0 robe
   (You took it off an orc wizard on level 8 of the Dungeon)
Jewellery
 g - an amulet of faith {!P}
   (You found it on level 2 of the Dungeon)
 h - an amulet of regeneration (around neck) {@e2}
   (You found it on level 5 of the Dungeon)
 m - an amulet of reflection
   (You found it on level 8 of the Dungeon)
 q - the ring of Obrey (left branch) {rElec Will+}
   (You found it in a Gauntlet)

   [ring of willpower]

   rElec:     It insulates you from electricity.
   Will:      It increases your willpower.
Wands
 r - a wand of polymorph (5)
   (You found it on level 6 of the Dungeon)
Scrolls
 b - a scroll of magic mapping {!r}
 c - a scroll of butterflies
 e - a scroll of immolation {!r!r}
 i - 2 scrolls of teleportation {@r4}
 k - 2 scrolls of vulnerability {!r!r}
 l - 2 scrolls of amnesia
 y - a scroll of poison {!r}
Potions
 a - a potion of heal wounds {@q2}
 d - a potion of attraction {!q}
 j - 2 potions of brilliance
 o - 2 potions of mutation {!q}
 t - a potion of haste {@q3}
 u - a potion of lignification {!q}
 v - 2 potions of flight
 z - a potion of curing {@q1}

Dungeon Overview and Level Annotations

Branches:
Dungeon (8/15) Zot: 891    Temple (1/1) D:4 Zot: 579    Lair (1/5) D:8 Zot: 583
 Bailey (visited)         Gauntlet (1/1) Zot: 388

Altars:
Ashenzari
Elyvilon
Fedhas
Hepliaklqana
Makhleb
Okawaru
Uskayaw
Vehumet
Wu Jian

Shops:
D:2 *   D:8 (

Annotations:
Gauntlet 6 transporters, 3 runed translucent doors

* , ##+### #.⌠..#*
#...⌠+, +⌠H..#
#.♣∩.# ##.###
#######'######
#.............#
#.###.###.###.#
#.............#
###.###.###.##
####.###.###.###
*................,


You could see a minotaur.


Message History

You feel sick.
The foxfire hits the minotaur but does no damage. x6
The foxfire hits the minotaur.
The foxfire hits the minotaur but does no damage. x2
You barely miss the minotaur.
You feel sick.
The foxfire hits the minotaur but does no damage. x2
The foxfire hits the minotaur.
The minotaur hits you but does no damage.
The minotaur gores you but does no damage.
The minotaur is burned by your cloak of flames.
Unknown command.
Okay, then.
You feel much better.
You feel sick.
The minotaur hits you with the +2 halberd of Nonat {venom, Dex+6}.
* * * LOW HITPOINT WARNING * * *
The minotaur is burned by your cloak of flames.
The minotaur gores you but does no damage. 😨 HP[+19]
You regained 19 hp, and now have 60/157 hp.
Okay, then.
Unknown command.
Okay, then.
It was a potion of attraction.
You feel attractive to monsters.
You feel sick.
The minotaur hits you but does no damage.
The minotaur gores you but does no damage.
It was a potion of ambrosia.
You are confused.
You feel invigorated.
You feel sick.
The minotaur hits you with the +2 halberd of Nonat {venom, Dex+6}!
* * * LOW HITPOINT WARNING * * *
You are more poisoned.
The minotaur gores you but does no damage. 😨 HP[-3]
You take 3 damage, and now have 57/157 hp.
Unknown command.
It was a potion of curing.
You feel better.
You feel less invigorated.
The minotaur hits you with the +2 halberd of Nonat {venom, Dex+6}!
* * * LOW HITPOINT WARNING * * *
The minotaur gores you but does no damage. 😨 HP[+2]
You regained 2 hp, and now have 59/157 hp.
Unknown command.
It was a potion of magic.
Magic courses through your body.
The minotaur hits you but does no damage.
The minotaur gores you but does no damage.
The minotaur is burned by your cloak of flames. 😨 HP[+1] Unknown command.
Okay, then.
Unknown command.
You barely miss the minotaur.
The minotaur hits you but does no damage.
You are poisoned.
The minotaur gores you.
* * * LOW HITPOINT WARNING * * *
😨 HP[-4]
You take 4 damage, and now have 56/157 hp.
You hit the minotaur but do no damage.
You feel sick. 😨 HP[-2]
You take 2 damage, and now have 54/157 hp.
Unknown command.
You completely miss the minotaur.
You feel sick.
The minotaur hits you but does no damage.
The minotaur gores you but does no damage.
Unknown command.
You hit the minotaur but do no damage.
You feel sick.
Unknown command.
You hit the minotaur but do no damage.
You feel sick.
The minotaur hits you with the +2 halberd of Nonat {venom, Dex+6}!!
* * * LOW HITPOINT WARNING * * *
The minotaur gores you but does no damage. 😱 HP[-21]
You take 21 damage, and now have 33/157 hp.
Unknown command.
Hit: p) +6 short sword of the Glowing Visionary {freeze, rC+, short}
Press: ? - help, Dir - move target, f - minotaur
Aim: a minotaur, wielding the +2 halberd of Nonat {venom, Dex+6}, wearing a +2 plate armour of poison resistance and quivering javelins (moderately wounded, about 17% to evade the +6 short sword of the Glowing Visionary)
Okay, then.
Aiming: Polymorph
Press: ? - help, Shift-Dir - straight line, f - minotaur
Aim: a minotaur, wielding the +2 halberd of Nonat {venom, Dex+6}, wearing a +2 plate armour of poison resistance and quivering javelins (moderately wounded, will become a satyr, a catoblepas, or a water nymph, chance to affect: 1%)
The minotaur resists with almost no effort.
You feel sick.
The minotaur hits you with the +2 halberd of Nonat {venom, Dex+6}!!
* * * LOW HITPOINT WARNING * * *
The minotaur is burned by your cloak of flames.
The minotaur gores you!
* * * LOW HITPOINT WARNING * * *
😱 HP[-26]
You take 26 damage, and now have 7/157 hp.
Unknown command.
Okay, then.
Unknown command.
You hit the minotaur but do no damage.
You feel sick.
The minotaur hits you with the +2 halberd of Nonat {venom, Dex+6}.
* * * LOW HITPOINT WARNING * * *
The minotaur gores you!
You die...

Skill      XL: |  1  2  3  4  5  6  7  8  9 10 11 |
---------------+----------------------------------+-----
Maces & Flails | 5 6 |  6.4
Fighting       | 4 5 6 7 9 11 12 | 12.5
Short Blades   | 2 3 4 7 |  7.3
Armour         | 4 5 7 9 |  9.5
Dodging        | 4 6 7 |  7.1
Spellcasting   | |  1.3
Fire Magic     | |  3.6

Action                   |  1- 3 |  4- 6 |  7- 9 | 10-12 || total
-------------------------+-------+-------+-------+-------++-------
Melee: Mace              |   104 |    47 |       |       ||   151
       Short sword       |       |    37 |   338 |   276 ||   651
       Punch             |       |       |     6 |     3 ||     9
Invok: Foxfire Swarm     |       |     2 |     3 |     1 ||     6
       Fiery Armour      |       |       |       |     1 ||     1
Evoke: Wand              |       |       |       |     1 ||     1
  Use: Potion            |       |     2 |     5 |     9 ||    16
       Scroll            |       |       |    16 |     5 ||    21
Armor: Robe              |     2 |       |       |       ||     2
       Ring mail         |    57 |    44 |   194 |    57 ||   352
       Plate armour      |       |       |       |    76 ||    76
       Skin              |       |       |       |    17 ||    17
Dodge: Dodged            |    51 |    37 |   146 |    99 ||   333
Block: Other             |       |       |       |     2 ||     2

Levels and vault maps discovered:
D:1:      dpeg_arrival_snail, layout_rooms
D:2:      layout_basic, serial_shops, nicolae_lakefront_shop,
          minmay_tetromino_l2
D:3:      layout_basic, hellmonk_ecumenical_altar_heavens_door
D:4:      layout_loops_cross, mainiacjoe_overflow_alcove_4,
          minmay_temple_entry_drinking_statues, chequers_serial_rivers_micro_e
D:5:      layout_basic, mainiacjoe_overflow_chevrons,
          mainiacjoe_overflow_boulevard, mainiacjoe_overflow_paths,
          serial_undead, serial_undead_c, serial_undead_d, serial_undead_e,
          serial_undead_d, serial_undead_e, serial_undead_a, serial_undead_b,
          serial_undead_b, serial_undead_b, serial_undead_a
D:6:      layout_basic, fedhas_altar_3, minmay_misc_feat_alley,
          grunt_ministairs_8, minmay_fountain_box, uniq_menkaure
D:7:      layout_rooms, minitemple, enter_bailey_7, patterned_corridor
D:8:      layout_basic, amcnicky_altar_gilded, dpeg_oklobed_lair, serial_shops,
          nicolae_shop_behind_doors, uniq_gastronok, uniq_maggie, uniq_pikel
Temple:   grunt_temple_mini_profane
Lair:1:   layout_cellular_growth, gauntlet_entry_generic, nzn_random_ring,
          grunt_megastairs_1
Gauntlet: minmay_gauntlet_77_indecision [minmay_gauntlet_arena_77_cramped,
          minmay_gauntlet_arena_77_squiggly, minmay_gauntlet_arena_77_museum,
          minmay_gauntlet_arena_77_shame_cube,
          minmay_gauntlet_arena_77_broken_ladder,
          minmay_gauntlet_arena_77_two_lines, gauntlet_exit_hidden_loot]

Notes
Turn   | Place    | Note
-------+----------+-------------------------------------------
     0 | D:1      | MackTheKnife the Meteoran Cinder Acolyte began the quest
                  | for the Orb.
     0 | D:1      | Reached XP level 1. HP: 19/19 MP: 3/3
     0 | D:1      | magus.rc [v1.9.6]
   147 | D:1      | Reached XP level 2. HP: 26/26 MP: 5/5
   250 | D:1      | Reached skill level 5 in Maces & Flails
   362 | D:2      | Reached XP level 3. HP: 31/31 MP: 6/6
   530 | D:2      | Learned a level 2 spell: Scorch
   766 | D:2      | Found Devuzun's Assorted Antiques.
   780 | D:2      | Reached XP level 4. HP: 35/38 MP: 7/7
   814 | D:3      | Reached skill level 6 in Maces & Flails
  1015 | D:3      | Found a faded altar of an unknown god.
  1073 | D:3      | HP: 9/38 [poisoned by an orc]
  1075 | D:3      | HP: 4/38 [poisoned by an orc]
  1082 | D:3      | HP: 9/38 [poisoned by an orc]
  1082 | D:3      | HP: 4/38 [orc/+0 flail (5)]
  1082 | D:3      | HP: 1/38 [orc/+0 dagger (3)]
  1215 | D:3      | Identified the +6 short sword of the Glowing Visionary
                  | {freeze, rC+}
  1313 | D:4      | Reached XP level 5. HP: 46/46 MP: 8/8
  1378 | D:4      | Reached skill level 4 in Fighting
  1378 | D:4      | Reached skill level 1 in Short Blades
  1384 | D:4      | Found a broken altar of Ashenzari.
  1412 | D:4      | Reached skill level 2 in Short Blades
  1412 | D:4      | Reached XP level 6. HP: 44/53 MP: 9/9
  1412 | D:4      | Found a staircase to the Ecumenical Temple.
  1448 | D:4      | Noticed an ogre
  1457 | D:4      | Killed an ogre
  1458 | D:4      | Reached skill level 5 in Fighting
  1458 | D:4      | Reached skill level 3 in Short Blades
  1500 | D:4      | Reached XP level 7. HP: 41/61 MP: 10/10
  1809 | D:5      | Entered Level 5 of the Dungeon
  1809 | D:5      | Noticed a water moccasin
  1809 | D:5      | Found an ornate altar of the Wu Jian Council.
  1833 | D:5      | Reached skill level 4 in Short Blades
  1837 | D:5      | HP: 12/62 [poisoned by a water moccasin]
  1842 | D:4      | HP: 10/62 [poisoned by a water moccasin]
  1885 | Temple   | Entered the Ecumenical Temple
  1974 | D:5      | Reached skill level 6 in Fighting
  1978 | D:5      | Found a hide-covered altar of Uskayaw.
  2022 | D:5      | Reached XP level 8. HP: 61/70 MP: 11/11
  2029 | D:5      | Reached skill level 1 in Armour
  2029 | D:5      | Reached skill level 1 in Dodging
  2163 | D:5      | Reached skill level 2 in Armour
  2163 | D:5      | Reached skill level 2 in Dodging
  2212 | D:5      | Found a white marble altar of Elyvilon.
  2241 | D:5      | HP: 17/71 [orc warrior/+0 trident (4)]
  2242 | D:5      | Reached skill level 3 in Armour
  2242 | D:5      | Reached skill level 3 in Dodging
  2247 | D:5      | HP: 15/106 [orc warrior/+0 trident (12)]
  2251 | D:5      | Reached skill level 7 in Fighting
  2251 | D:5      | HP: 4/109 [orc warrior/+0 trident (8)]
  2363 | D:5      | Reached skill level 4 in Armour
  2363 | D:5      | Reached skill level 4 in Dodging
  2363 | D:5      | Gained mutation: You passively map the area around you.
                  | [Meteoran growth]
  2363 | D:5      | Reached XP level 9. HP: 79/79 MP: 12/12
  2476 | D:6      | Reached skill level 5 in Armour
  2481 | D:6      | Reached skill level 5 in Dodging
  2578 | D:6      | Reached skill level 8 in Fighting
  2656 | D:6      | Found a blossoming altar of Fedhas.
  2672 | D:6      | Noticed Menkaure
  2680 | D:6      | Killed Menkaure
  2915 | D:6      | Reached skill level 6 in Dodging
  3064 | D:7      | Reached skill level 9 in Fighting
  3064 | D:7      | Reached XP level 10. HP: 70/91 MP: 13/13
  3077 | D:7      | Reached skill level 7 in Dodging
  3154 | D:7      | Reached skill level 5 in Short Blades
  3166 | D:7      | Found a flagged portal.
  3187 | Bailey   | Entered a bailey
  3315 | Bailey   | Noticed an orc knight
  3318 | Bailey   | Killed an orc knight
  3319 | Bailey   | Reached skill level 10 in Fighting
  3319 | Bailey   | Reached skill level 6 in Short Blades
  3381 | Bailey   | Reached skill level 7 in Short Blades
  3652 | D:7      | Found a burning altar of Makhleb.
  3670 | D:7      | Found an iron altar of Okawaru.
  3773 | D:8      | Found a staircase to the Lair.
  3809 | D:8      | Reached skill level 6 in Armour
  3884 | D:8      | Found Qavagu's Antique Weapon Boutique.
  3887 | D:8      | Bought a runed morningstar for 210 gold pieces
  3891 | D:8      | Noticed Pikel
  3908 | D:8      | Killed Pikel
  3920 | D:8      | Reached skill level 11 in Fighting
  4052 | D:8      | Noticed Maggie
  4070 | D:8      | Killed Maggie
  4071 | D:8      | Reached skill level 7 in Armour
  4071 | D:8      | Reached XP level 11. HP: 47/102 MP: 14/14
  4086 | D:8      | Found a radiant altar of Vehumet.
  4136 | D:8      | Noticed Gastronok
  4160 | D:8      | Killed Gastronok
  4161 | D:8      | Reached skill level 8 in Armour
  4314 | Lair:1   | Entered Level 1 of the Lair of Beasts
  4322 | Lair:1   | Found a gate leading to a gauntlet.
  4331 | Gauntlet | Entered a Gauntlet
  4331 | Gauntlet | Noticed a fire crab
  4331 | Gauntlet | Found a transporter.
  4331 | Gauntlet | Found a transporter.
  4331 | Gauntlet | Found a runed translucent door.
  4331 | Gauntlet | Found a runed translucent door.
  4333 | Gauntlet | Found a transporter.
  4333 | Gauntlet | Found a transporter.
  4334 | Gauntlet | Noticed a tengu warrior
  4337 | Gauntlet | Found a transporter.
  4337 | Gauntlet | Found a transporter.
  4368 | Gauntlet | Noticed a wizard
  4369 | Gauntlet | Found a transporter.
  4373 | Gauntlet | Found a transporter.
  4383 | Gauntlet | Found a transporter.
  4396 | Gauntlet | Noticed a sixfirhy
  4397 | Gauntlet | Noticed a sixfirhy
  4399 | Gauntlet | Found a transporter.
  4402 | Gauntlet | Noticed a sixfirhy
  4409 | Gauntlet | Noticed a sixfirhy
  4413 | Gauntlet | Found a transporter.
  4417 | Gauntlet | Found a transporter.
  4421 | Gauntlet | Found a runed translucent door.
  4421 | Gauntlet | Found a runed translucent door.
  4508 | Gauntlet | Reached skill level 12 in Fighting
  4520 | Gauntlet | Killed a sixfirhy
  4521 | Gauntlet | Reached skill level 9 in Armour
  4534 | Gauntlet | Killed a sixfirhy
  4544 | Gauntlet | You add the spells Freeze, Mephitic Cloud and Alistair's
                  | Intoxication to your library.
  4544 | Gauntlet | Got the Anthology of Frore Venin
  4545 | Gauntlet | Identified the ring of Obrey {rElec Will+}
  4556 | Gauntlet | Identified the +2 halberd of Nonat {venom, Dex+6}
  4556 | Gauntlet | Noticed a minotaur
  4564 | Gauntlet | Gained mutation: You have a pair of small horns on your
                  | head. [potion of mutation]
  4564 | Gauntlet | Gained mutation: You occasionally lose the ability to read
                  | scrolls when taking damage. [potion of mutation]
  4578 | Gauntlet | HP: 33/157 [minotaur/the +2 halberd of Nonat {venom, Dex+6}
                  | (20)]
  4579 | Gauntlet | HP: 14/157 [minotaur/the +2 halberd of Nonat {venom, Dex+6}
                  | (19)]
  4580 | Gauntlet | HP: 5/157 [minotaur/the +2 halberd of Nonat {venom, Dex+6}
                  | (2)]
  4580 | Gauntlet | Slain by a minotaur

Vanquished Creatures
  Gastronok (D:8)
  2 sixfirhies (Gauntlet)
  An orc knight (Bailey)
  Pikel (D:8)
  Maggie (D:8)
  3 shadows (Gauntlet)
  A steam dragon (D:8)
  Menkaure (D:6)
  4 water moccasins
  7 orc warriors
  2 sky beasts (D:7)
  4 ogres
  3 phantoms
  4 bullfrogs
  2 necrophages (D:7)
  6 scorpions
  2 water moccasin skeletons (D:5)
  A howler monkey (D:5)
  A jelly (D:6)
  3 bullfrog zombies (D:5)
  2 hounds
  3 orc priests
  A bullfrog skeleton (D:5)
  2 iguanas
  2 scorpion zombies (D:5)
  5 orc wizards
  2 killer bee zombies (D:5)
  A hound zombie (D:5)
  A hound skeleton (D:5)
  A howler monkey skeleton (D:5)
  A howler monkey zombie (D:5)
  2 gnolls (D:7)
  5 adders
  2 white imps
  An adder zombie (D:5)
  A worm (D:4)
  3 dart slugs
  31 orcs
  9 ball pythons
  6 endoplasms
  6 giant cockroaches
  8 goblins
  5 hobgoblins
  A quokka (D:3)
  7 bats
  3 frilled lizards
  6 kobolds
  11 rats
178 creatures vanquished.

Vanquished Creatures (collateral kills)
  3 foxfires (D:5)
3 creatures vanquished.

Vanquished Creatures (others)
  A bullfrog (D:8)
  69 foxfires
  4 withered plants (D:5)
74 creatures vanquished.

Grand Total: 255 creatures vanquished

Table legend:
 A = Non-vault XP
 B = Vault XP
 C = Vault XP percentage of total XP
 D = Non-vault monster count
 E = Vault monster count
 F = Vault count percentage of total count
                 A         B        C        D         E       F
            +---------+---------+-------+---------+---------+-------
      Total |    3519 |    7055 |  66.7 |     122 |      57 |  31.8
            +---------+---------+-------+---------+---------+-------
        D:1 |      23 |       0 |   0.0 |      17 |       0 |   0.0
        D:2 |      33 |       2 |   5.7 |      19 |       2 |   9.5
        D:3 |      50 |       0 |   0.0 |      19 |       0 |   0.0
        D:4 |     392 |     105 |  21.1 |      18 |       1 |   5.3
        D:5 |     694 |     624 |  47.3 |      15 |      16 |  51.6
        D:6 |     665 |     246 |  27.0 |      12 |       3 |  20.0
        D:7 |    1067 |      33 |   3.0 |      13 |       4 |  23.5
        D:8 |     595 |    2422 |  80.3 |       9 |       3 |  25.0
     Bailey |       0 |    1468 | 100.0 |       0 |      23 | 100.0
   Gauntlet |       0 |    2155 | 100.0 |       0 |       5 | 100.0
            +---------+---------+-------+---------+---------+-------

Illustrated notes

Table legend:
 A = Kills in this place as a percentage of kills in entire the game.
 B = Kills by you in this place as a percentage of kills by you in the entire game.
 C = Kills by friends in this place as a percentage of kills by friends in the entire game.
 D = Other kills in this place as a percentage of other kills in the entire game.
 E = Experience gained in this place as a percentage of experience gained in the entire game.
 F = Experience gained in this place divided by the number of levels of this place that you have seen.
                   A       B       C       D       E      F
               +-------+-------+-------+-------+-------+----------------------
         Total | 100.0 | 100.0 |   N/A | 100.0 | 100.0 | 881.2
       Dungeon |  84.4 |  84.3 |   N/A | 100.0 |  65.7 | 868.9
        Bailey |  12.8 |  12.9 |   N/A |   0.0 |  13.9 | 1468.0
      Gauntlet |   2.8 |   2.8 |   N/A |   0.0 |  20.4 | 2155.0
               +-------+-------+-------+-------+-------+----------------------

Table legend: (Time is in decaauts)
 A = Elapsed time spent in this place.
 B = Non-inter-level travel time spent in this place.
 C = Inter-level travel time spent in this place.
 D = Time resting spent in this place.
 E = Time spent auto-exploring this place.
 F = Levels seen in this place.
 G = Mean time per level.
                   A        B        C        D        E       F      G
               +--------+--------+--------+--------+--------+-----+--------+
         Total |   4403 |   3769 |    634 |    101 |    119 |  12 |  366.9 |
       Dungeon |   3908 |   3285 |    623 |    101 |    119 |   8 |  488.5 |
        Temple |     20 |      9 |     11 |      0 |      0 |   1 |   20.0 |
          Lair |     16 |     16 |      0 |      0 |      0 |   1 |   16.0 |
        Bailey |    247 |    247 |      0 |      0 |      0 |   1 |  247.0 |
      Gauntlet |    210 |    210 |      0 |      0 |      0 |   1 |  210.0 |
               +--------+--------+--------+--------+--------+-----+--------+

Top non-repeatable levels by time:
     D:4: 654 daAuts
     D:8: 582 daAuts
     D:6: 529 daAuts
     D:2: 484 daAuts
     D:7: 452 daAuts
     D:3: 438 daAuts
     D:5: 431 daAuts
     D:1: 335 daAuts
  Bailey: 247 daAuts
Gauntlet: 210 daAuts
  Temple: 20 daAuts
  Lair:1: 16 daAuts
